 Dungeon Crawl Stone Soup version 0.28-a0-664-gc179e30c89 (webtiles) character file.

Game seed: 2136359183123456753

7 ytrimaz the Shield-Bearer (level 2, 14/24 HPs)
             Began as a Formicid Fighter on Oct 15, 2021.
             Was a High Priest of Ignis.
             Quit the game on level 1 of the Dungeon.
             The game lasted 00:00:44 (406 turns).

ytrimaz the Shield-Bearer (Formicid Fighter)         Turns: 406, Time: 00:00:45

Health: 14/24      AC:  6    Str: 20    XL:     2   Next: 10%
Magic:  2/2        EV:  9    Int:  7    God:    Ignis [*****.]
Gold:   17         SH:  4    Dex: 10    Spells: 1/1 levels left

rFire   + . .      SeeInvis +   a - +0 war axe
rCold   . . .      Faith    .   c - +0 buckler
rNeg    . . .      Spirit   .   b - +0 scale mail
rPois   .          Reflect  .   (helmet unavailable)
rElec   .          Harm     .   (no cloak)
rCorr   .          Rampage  .   (no gloves)
Will    .....                   (no boots)
Stlth   ..........              (no amulet)
HPRegen 0.08/turn               (no ring)
MPRegen 0.08/turn               (no ring)

@: no status effects
A: permanent stasis, dig shafts and tunnels, antennae 3, four strong arms
a: Dig, Shaft Self, Renounce Religion, Sea of Fire, Foxfire Swarm, Rising Flame


You were on level 1 of the Dungeon.
You worshipped Ignis.
Ignis was extremely pleased with you.
You visited 1 branch of the dungeon, and saw 1 of its levels.

You collected 17 gold pieces.

Inventory:

Hand Weapons
 a - a +0 war axe (weapon)
Armour
 b - a +0 scale mail (worn)
 c - a +0 buckler (worn)
Potions
 d - a potion of might


   Skills:
 + Level 3.5 Fighting
 + Level 2.0 Axes
 + Level 3.5 Armour
 + Level 3.7 Shields


You had one spell level left.
You didn't know any spells.
Your spell library was empty.

Dungeon Overview and Level Annotations

Branches:
Dungeon (1/15)

Altars:
Ignis


Innate Abilities, Weirdness & Mutations

You cannot be hasted, slowed, berserked, paralysed or teleported.
You can dig through walls and to a lower floor.
You have a pair of large antennae on your head. (SInv)
Your four strong arms can wield two-handed weapons with a shield.


Message History

Okay, then.
There is a candlelit altar of Ignis here.
You start waiting.
Done waiting.
Okay, then. 2 jackals come into view.
The jackal barks! x2
The jackal barely misses you. The jackal bites you. x2
You barely miss the jackal. You hit the jackal but do no damage.
The jackal bites you but does no damage.
The jackal closely misses you. x2
The jackal bites you but does no damage.
You closely miss the jackal. x2
The jackal bites you but does no damage.
The jackal bites you. You block the jackal's attack.
The jackal closely misses you.
Unknown command.
You hit the jackal but do no damage. You closely miss the jackal.
The jackal barely misses you. You block the jackal's attack.
The jackal bites you. The jackal barely misses you.
You slash the jackal!
You kill the jackal!
You hit the jackal but do no damage. You block the jackal's attack.
The jackal bites you but does no damage.
You have reached level 2!
You hit the jackal.
The jackal is severely wounded.
The jackal barely misses you. You block the jackal's attack.
You closely miss the jackal.
The jackal is severely wounded.
The jackal barely misses you.
You slash the jackal!
You kill the jackal!
Okay, then.
Search for what [? for help]? yes Can't find anything matching that.
Unknown command.
Unknown command.
Unknown command.
Are you sure you want to abandon this character and quit the game? (Confirm with "yes".)

#.##. #.####..#.
#.........
#####..##. #...##
######...##
######.........#
##.......####.#..#
#@###########.#..#
#.#....._......#..#
#.##.############..#
## #.# .. #.# # #.#
#.# #.# #.#


There were no monsters in sight!

Vanquished Creatures
  An endoplasm (D:1)
  A goblin (D:1)
  A hobgoblin (D:1)
  2 jackals (D:1)
  A kobold (D:1)
6 creatures vanquished.

Notes
Turn   | Place    | Note
-------+----------+-------------------------------------------
     0 | D:1      | ytrimaz the Formicid Fighter began the quest for the Orb.
     0 | D:1      | Reached XP level 1. HP: 18/18 MP: 1/1
   275 | D:1      | Found a faded altar of an unknown god.
   289 | D:1      | Prayed at the altar of an unknown god.
   289 | D:1      | Became a worshipper of Ignis, the Dying Flame
   403 | D:1      | Reached XP level 2. HP: 14/24 MP: 2/2
   406 | D:1      | Quit the game

Illustrated notes

Levels and vault maps discovered:
D:1:      dpeg_arrival_oval, layout_loops_ring, basic_ecumenical_altar

Action                   || total
-------------------------++-------
Melee: War axe           ||    16
Invok: Sea of Fire       ||     1
Armor: Scale mail        ||     6
Dodge: Dodged            ||    11
Block: Buckler           ||     7

Table legend: (Time is in decaauts)
 A = Elapsed time spent in this place.
 B = Non-inter-level travel time spent in this place.
 C = Inter-level travel time spent in this place.
 D = Time resting spent in this place.
 E = Time spent auto-exploring this place.
 F = Levels seen in this place.
 G = Mean time per level.
                   A        B        C        D        E       F      G
               +--------+--------+--------+--------+--------+-----+--------+
         Total |    412 |    412 |      0 |    100 |    257 |   1 |  412.0 |
       Dungeon |    412 |    412 |      0 |    100 |    257 |   1 |  412.0 |
               +--------+--------+--------+--------+--------+-----+--------+

Top non-repeatable levels by time:
     D:1: 412 daAuts
